 Dungeon Crawl Stone Soup version 0.26-a0-43-g20b394c (webtiles) character file.

Game seed: 2536452204783805288

387 thirtiethelement the Skirmisher (level 6, -4/53 HPs)
             Began as a Gnoll Abyssal Knight on June 4, 2020.
             Was a Believer of Lugonu.
             Slain by Grinder (6 damage)
             ... while paralysed by Grinder
             ... in a sewer.
             The game lasted 00:06:08 (2219 turns).

thirtiethelement the Skirmisher (GnAK)              Turns: 2219, Time: 00:06:09

Health: -4/53      AC:  5    Str: 17      XL:     6   Next: 78%
Magic:  9/9        EV:  2    Int: 14      God:    Lugonu [**....]
Gold:   129        SH:  0    Dex:  7 (14) Spells: 9/9 levels left

rFire    . . .     SeeInvis .   a - +1 falchion
rCold    . . .     Gourm    .   (no shield)
rNeg     . . .     Faith    .   f - +0 leather armour (curse)
rPois    .         Spirit   .   (no helmet)
rElec    .         Reflect  .   (no cloak)
rCorr    .         Harm     .   h - +1 pair of gloves
MR       .....                  (no boots)
Stlth    ++........             (no amulet)
HPRegen  0.17/turn              e - ring of stealth
MPRegen  0.11/turn              (no ring)

@: paralysed
A: distributed training, fangs 1, subdued magic 1, MP-powered wands, strong nose
a: Depart the Abyss, Bend Space, Renounce Religion


You were in a sewer.
You worshipped Lugonu.
Lugonu was pleased with you.
You were hungry.

You visited 1 branch of the dungeon, and saw 3 of its levels.
You visited the Abyss 1 time.
You also visited: Sewer.

You collected 129 gold pieces.

Inventory:

Hand Weapons
 a - a +1 falchion (weapon)
Armour
 b - a +0 leather armour
 f - a cursed +0 leather armour (worn)
 h - a +1 pair of gloves (worn)
Jewellery
 e - a ring of stealth (left hand)
Scrolls
 d - a scroll of identify
Potions
 g - 3 potions of flight {unknown}
 i - a potion of stabbing {unknown}
 j - 2 potions of curing {unknown}
 k - 2 potions of heal wounds
Comestibles
 c - 5 rations


   Skills:
 + Level 6.9 Fighting
 + Level 2.1 Short Blades
 + Level 5.0 Long Blades
 + Level 2.1 Axes
 + Level 2.1 Maces & Flails
 + Level 2.1 Polearms
 + Level 2.1 Staves
 + Level 2.1 Slings
 + Level 2.1 Bows
 + Level 2.1 Crossbows
 + Level 2.1 Throwing
 + Level 5.0 Armour
 + Level 3.3 Dodging
 + Level 2.1 Stealth
 + Level 2.1 Shields
 + Level 2.1 Unarmed Combat
 + Level 2.1 Spellcasting
 + Level 1.6 Conjurations
 + Level 1.6 Hexes
 + Level 1.6 Charms
 + Level 1.6 Summonings
 + Level 1.6 Necromancy
 + Level 1.6 Translocations
 + Level 1.6 Transmutations
 + Level 1.6 Fire Magic
 + Level 1.6 Ice Magic
 + Level 1.6 Air Magic
 + Level 1.6 Earth Magic
 + Level 1.6 Poison Magic
 + Level 5.1 Invocations
 + Level 2.1 Evocations


You had 9 spell levels left.
You didn't know any spells.
Your spell library was empty.

Dungeon Overview and Level Annotations

Branches:
Dungeon (3/15)              Sewer (1/1)

Altars:

Annotations:
Sewer Grinder


Innate Abilities, Weirdness & Mutations

Your experience applies equally to all skills.
You have very sharp teeth.
Your uncanny sense of smell can sniff out nearby items.
Your spells are a little easier to cast, but a little less powerful.
You expend magic power (3 MP) to strengthen your wands.


Message History

Grinder hits you.
You writhe in agony.
The kobold barely misses you.
You hit Grinder but do no damage.
Grinder is lightly wounded.
Grinder gestures at you.
You suddenly lose the ability to move!
The kobold hits you with a +0 short sword.
Grinder says, "My boss said I was rubbish.
His entrails said otherwise."
Grinder hits you.
You writhe in agony.
The kobold hits you with a +0 short sword.
Grinder hits you.
* * * LOW HITPOINT WARNING * * *
You writhe in agony.
* * * LOW HITPOINT WARNING * * *
The kobold hits you but does no damage. Grinder hits you.
* * * LOW HITPOINT WARNING * * *
The kobold hits you with a +0 short sword.
* * * LOW HITPOINT WARNING * * *
Grinder hits you.
You die...

#≈)).≈##≈..'.
#≈..)≈##≈≈.#.
#≈.(.≈##≈≈.#.
#≈...≈##≈≈.#.
##'''###≈≈.#.
#########.....##≈≈.#.
##≈≈≈≈≈≈#...§..###.###
###!......'.§.....#...#≈
#∩!/...@..'..._.§.÷)..≈≈
###!...K5.'.§.....#...#≈
##≈≈≈≈≈≈#...§..###.###
#########.....##≈≈.#.
##')'###≈≈.#.
#≈...≈##≈≈)#.
#≈...≈##≈..#.
#≈...≈##≈≈.#.
#≈...≈##≈≈.+.


You could see Grinder and a kobold.

Vanquished Creatures
  A centaur (D:3)
  A big kobold (Sewer)
  2 quasits (Sewer)
  3 big kobold zombies (Sewer)
  A gnoll (D:1)
  An adder (D:2)
  3 shadow imps (Sewer)
  2 ufetubi (Sewer)
  3 oozes (Sewer)
  3 worms
  A dart slug (D:1)
  4 giant cockroaches
  3 goblins (D:1)
  A hobgoblin (D:2)
  3 jackals (D:1)
  3 ball pythons
  A frilled lizard (D:1)
  16 kobolds
  A kobold zombie (Sewer)
  6 rats
59 creatures vanquished.

Vanquished Creatures (others)
  3 adder zombies (Sewer)
3 creatures vanquished.

Grand Total: 62 creatures vanquished

Notes
Turn   | Place    | Note
-------+----------+-------------------------------------------
     0 | Abyss:1  | thirtiethelement the Gnoll Abyssal Knight began the quest
                  | for the Orb.
     0 | Abyss:1  | Reached XP level 1. HP: 23/23 MP: 3/3
    86 | Abyss:1  | Noticed a tentacled starspawn
    88 | Abyss:1  | Noticed a starcursed mass
    90 | Abyss:1  | Noticed a wight
   164 | Abyss:3  | Noticed a white ugly thing
   164 | Abyss:3  | Noticed a red ugly thing
   164 | Abyss:3  | Noticed a yaktaur
   164 | Abyss:3  | Noticed a wretched star
   164 | Abyss:3  | Noticed a shadow demon
   164 | Abyss:3  | Noticed a shadow demon
   166 | D:1      | Escaped the Abyss
   407 | D:1      | Reached XP level 2. HP: 29/29 MP: 5/5
   416 | D:1      | Reached * piety under Lugonu
   562 | D:1      | Reached XP level 3. HP: 15/35 MP: 6/6
   568 | D:1      | Gained mutation: Your spells are a little easier to cast,
                  | but a little less powerful. [potion of mutation]
   568 | D:1      | Gained mutation: You expend magic power (3 MP) to
                  | strengthen your wands. [potion of mutation]
  1304 | D:2      | You fall into a shaft and drop 1 floor!
  1356 | D:3      | Found a glowing drain.
  1361 | D:3      | Noticed a centaur
  1372 | D:3      | Killed a centaur
  1372 | D:3      | Reached skill level 1 in Short Blades
  1372 | D:3      | Reached skill level 1 in Axes
  1372 | D:3      | Reached skill level 1 in Maces & Flails
  1372 | D:3      | Reached skill level 1 in Polearms
  1372 | D:3      | Reached skill level 1 in Staves
  1372 | D:3      | Reached skill level 1 in Slings
  1372 | D:3      | Reached skill level 1 in Bows
  1372 | D:3      | Reached skill level 1 in Crossbows
  1372 | D:3      | Reached skill level 1 in Throwing
  1372 | D:3      | Reached skill level 1 in Stealth
  1372 | D:3      | Reached skill level 1 in Shields
  1372 | D:3      | Reached skill level 1 in Unarmed Combat
  1372 | D:3      | Reached skill level 1 in Spellcasting
  1372 | D:3      | Reached skill level 1 in Conjurations
  1372 | D:3      | Reached skill level 1 in Hexes
  1372 | D:3      | Reached skill level 1 in Charms
  1372 | D:3      | Reached skill level 1 in Summonings
  1372 | D:3      | Reached skill level 1 in Necromancy
  1372 | D:3      | Reached skill level 1 in Translocations
  1372 | D:3      | Reached skill level 1 in Transmutations
  1372 | D:3      | Reached skill level 1 in Fire Magic
  1372 | D:3      | Reached skill level 1 in Ice Magic
  1372 | D:3      | Reached skill level 1 in Air Magic
  1372 | D:3      | Reached skill level 1 in Earth Magic
  1372 | D:3      | Reached skill level 1 in Poison Magic
  1372 | D:3      | Reached skill level 1 in Evocations
  1372 | D:3      | Reached XP level 4. HP: 24/41 MP: 7/7
  1372 | D:3      | Reached XP level 5. HP: 28/47 MP: 8/8
  1387 | Sewer    | Entered a sewer
  1544 | Sewer    | Reached ** piety under Lugonu
  1834 | Sewer    | Found a burning altar of Makhleb.
  1858 | Sewer    | Reached skill level 5 in Invocations
  1858 | Sewer    | Reached XP level 6. HP: 33/53 MP: 9/9
  2088 | Sewer    | Reached skill level 5 in Long Blades
  2088 | Sewer    | Reached skill level 5 in Armour
  2199 | Sewer    | Noticed Grinder
  2215 | Sewer    | Paralysed by Grinder for 6 turns
  2218 | Sewer    | HP: 2/53 [kobold/+0 short sword (3)]
  2219 | Sewer    | Slain by Grinder

Illustrated notes

Levels and vault maps discovered:
D:1:      nzn_arrival_crosshair, layout_basic, minivault_14, serial_bayou_pond_d
D:2:      layout_loops_ring, bloody_trog, fedhas_altar_fruit_tree
D:3:      layout_basic, zin_statuary, cheibrodos_sewer_entry_sluice,
          kennysheep_generic_room_13
Sewer:    kennysheep_sewer_church

Skill      XL: |  1  2  3  4  5  6 |
---------------+-------------------+-----
Short Blades   | 1 2 |  2.1
Axes           | 1 2 |  2.1
Maces & Flails | 1 2 |  2.1
Polearms       | 1 2 |  2.1
Staves         | 1 2 |  2.1
Slings         | 1 2 |  2.1
Bows           | 1 2 |  2.1
Crossbows      | 1 2 |  2.1
Throwing       | 1 2 |  2.1
Stealth        | 1 2 |  2.1
Shields        | 1 2 |  2.1
Unarmed Combat | 1 2 |  2.1
Spellcasting   | 1 2 |  2.1
Conjurations   | 1 |  1.6
Hexes          | 1 |  1.6
Charms         | 1 |  1.6
Summonings     | 1 |  1.6
Necromancy     | 1 |  1.6
Translocations | 1 |  1.6
Transmutations | 1 |  1.6
Fire Magic     | 1 |  1.6
Ice Magic      | 1 |  1.6
Air Magic      | 1 |  1.6
Earth Magic    | 1 |  1.6
Poison Magic   | 1 |  1.6
Evocations     | 1 2 |  2.1
Dodging        | 3 |  3.3
Invocations    | 5 |  5.1
Long Blades    | 5 |  5.0
Armour         | 5 |  5.0
Fighting       | |  6.9

Action                   |  1- 3 |  4- 6 || total
-------------------------+-------+-------++-------
Melee: Falchion          |    71 |   143 ||   214
       Bite              |     9 |    15 ||    24
       Punch             |       |     2 ||     2
Invok: Depart the Abyss  |     1 |       ||     1
  Use: Potion            |     4 |     1 ||     5
       Scroll            |     4 |       ||     4
 Stab: Sleeping          |     2 |     1 ||     3
  Eat: Chunk             |     1 |     3 ||     4
Armor: Leather armour    |    14 |    82 ||    96
Dodge: Dodged            |    43 |   153 ||   196
       Rpst.: Falchion   |    19 |    28 ||    47

Table legend:
 A = Non-vault XP
 B = Vault XP
 C = Vault XP percentage of total XP
 D = Non-vault monster count
 E = Vault monster count
 F = Vault count percentage of total count
                 A         B        C        D         E       F
            +---------+---------+-------+---------+---------+-------
      Total |     181 |     373 |  67.3 |      27 |      33 |  55.0
            +---------+---------+-------+---------+---------+-------
        D:1 |      46 |       0 |   0.0 |      20 |       0 |   0.0
        D:2 |      21 |       0 |   0.0 |       4 |       0 |   0.0
        D:3 |     114 |      11 |   8.8 |       3 |       3 |  50.0
      Sewer |       0 |     362 | 100.0 |       0 |      30 | 100.0
            +---------+---------+-------+---------+---------+-------
